 Dungeon Crawl Stone Soup version 0.30.0 (webtiles) character file.

Game seed: 6890729571591471283

1295 Meow the Destroyer (level 8, -1/62 HPs)
             Began as a Naga Conjurer on Dec 20, 2023.
             Killed from afar by a white imp (7 damage)
             ... with a puff of frost
             ... on level 5 of the Dungeon.
             The game lasted 00:10:24 (3552 turns).

Meow the Destroyer (Naga Conjurer)                  Turns: 3552, Time: 00:10:25

Health: -1/62      AC:  4    Str: 10    XL:     8   Next: 56%
Magic:  17/17      EV: 24    Int: 21    God:
Gold:   276        SH:  0    Dex:  9    Spells: 17/20 levels left

rFire   . . .        a - +0 sling
rCold   . . .        (no shield)
rNeg    . . .        d - +0 robe
rPois   +            (no helmet)
rElec   .            (no cloak)
rCorr   .            q - +0 pair of gloves
SInv    +            (no barding)
Will    +....        v - amulet of the acrobat
Stlth   ++           (no ring)
HPRegen 0.30/turn    (no ring)
MPRegen 0.15/turn

%: acrobat
@: acrobatic, very slow
A: AC +2, large, see invisible, deformed body, poison resistance, slowness 2,
spit poison 1, naga tail 1
a: Spit Poison


You were on level 5 of the Dungeon.
You visited 1 branch of the dungeon, and saw 5 of its levels.
You also visited: Sewer.

You collected 276 gold pieces.

Inventory:

Hand Weapons
 a - a +0 sling (weapon)
 b - a +2 short sword of speed
Missiles
 l - 4 javelins
 o - 19 stones
 s - 4 boomerangs
 w - 2 poisoned darts
Armour
 d - a +0 robe (worn)
 q - a +0 pair of gloves (worn)
Jewellery
 v - an amulet of the acrobat (around neck)
Wands
 e - a wand of mindburst (11)
 t - a wand of paralysis (5)
Scrolls
 g - 2 scrolls of magic mapping
 i - a scroll of teleportation
 j - a scroll of fog
 m - a scroll of torment {unknown}
 u - a scroll of poison {unknown}
 y - a scroll of enchant armour {unknown}
 A - a scroll of brand weapon {unknown}
 B - a scroll of identify
 C - a scroll of enchant weapon {unknown}
Potions
 c - 3 potions of attraction
 f - 4 potions of haste
 h - a potion of magic
 k - a potion of mutation
 n - a potion of cancellation
 p - 3 potions of brilliance
 r - 3 potions of curing
 x - a potion of lignification {unknown}
 z - a potion of heal wounds


   Skills:
 - Level 1.5 Dodging
 - Level 3.0 Stealth
 + Level 6.6 Spellcasting
 + Level 8.4 Conjurations


You had 17 spell levels left.
You knew the following spells:

 Your Spells              Type           Power      Damage    Failure   Level
a - Magic Dart            Conj           100%       1d8       1%          1
b - Searing Ray           Conj           84%        2d7       1%          2

Your spell library contained the following spells:

 Spells                   Type           Power      Damage    Failure   Level
 Dazzling Flash           Conj/Hex       48%        N/A       4%          3
 Cigotuvi's Dreadful Rot  Necr/Pois/Air  12%        N/A       14%         2
 Fulminant Prism          Conj/Hex       12%        3d8       16%         4
 Iskenderun's Mystic Bla  Conj/Tloc      24%        2d7       16%         4
 Frozen Ramparts          Ice            12%        1d2       28%         3
 Ignite Poison            Fire/Tmut/Pois 6%         N/A       28%         3
 Freezing Cloud           Conj/Ice/Air   9%         6-21      63%         5
 Ice Form                 Ice/Tmut       6%         N/A       67%         4
 Summon Ice Beast         Ice/Summ       6%         N/A       67%         4


Dungeon Overview and Level Annotations

Branches:
Dungeon (5/15)              Sewer (visited)
 Temple: D:4-7

Altars:
Dithmenos
Uskayaw


Innate Abilities, Weirdness & Mutations

Your serpentine skin is tough. (AC +2)
You have supernaturally acute eyesight. (SInv)
Armour fits poorly on your strangely shaped body.
Your system is resistant to poisons. (rPois)
You cover ground very slowly.
You can spit poison.
You have a snake-like lower body.


Message History

The white imp gestures at you. The puff of frost misses you.
The white imp closely misses you. The white imp gestures at you.
The puff of frost misses you. The white imp gestures at you.
The puff of frost misses you. The white imp gestures at you.
The puff of frost hits you! The white imp gestures at you.
The puff of frost misses you. The white imp attacks as you move away!
The white imp completely misses you. The white imp misses you.
The white imp hits you but does no damage.
The white imp barely misses you. The white imp barely misses you.
The white imp barely misses you. The white imp gestures at you.
The puff of frost hits you! The white imp misses you.
The white imp completely misses you. The white imp barely misses you.
The white imp closely misses you. The white imp completely misses you.
The white imp misses you. The white imp gestures at you.
The puff of frost hits you!
* * * LOW HITPOINT WARNING * * *
The white imp gestures at you. The puff of frost misses you.
The white imp attacks as you move away!
The white imp hits you but does no damage.
The white imp completely misses you. The white imp gestures at you.
The puff of frost hits you!
* * * LOW HITPOINT WARNING * * *
The white imp completely misses you. The white imp attacks as you move away!
The white imp closely misses you. The white imp completely misses you.
The white imp closely misses you. The white imp gestures at you.
The puff of frost hits you!
You die...

## ####.## #.....#
##..... ###.....
###.....# #.......# .
###....@.### ####..
#..........# .....#
##.<...##5..###>...
#.....#.....##..#####
###...#...........$.###
#..............##......
###.....................
#................####..!
##...#...........#


You could see a white imp.

Vanquished Creatures
  A two-headed ogre (D:5)
  Sigmund (D:2)
  A water moccasin (Sewer)
  A black bear (D:4)
  A scorpion (D:4)
  An orc priest (D:3)
  A hound (D:4)
  2 iguanas
  Natasha (D:2)
  3 gnolls (D:3)
  7 adders
  A worm (D:2)
  A dart slug (D:4)
  12 orcs
  6 ball pythons
  3 endoplasms
  2 giant cockroaches
  2 goblins (D:2)
  A hobgoblin (D:2)
  8 jackals
  A quokka (D:1)
  11 bats
  3 frilled lizards
  7 kobolds
  4 rats
82 creatures vanquished.

Vanquished Creatures (others)
  A plant (D:3)
1 creature vanquished.

Grand Total: 83 creatures vanquished

Notes
Turn   | Place    | Note
-------+----------+-------------------------------------------
     0 | D:1      | Meow the Naga Conjurer began the quest for the Orb.
     0 | D:1      | Reached XP level 1. HP: 15/15 MP: 3/3
   269 | D:1      | Reached XP level 2. HP: 19/22 MP: 0/5
   279 | D:1      | Learned a level 2 spell: Searing Ray
   749 | D:2      | Reached XP level 3. HP: 28/28 MP: 6/6
  1117 | D:2      | Noticed Natasha
  1120 | D:2      | Killed Natasha
  1121 | D:2      | Reached XP level 4. HP: 36/36 MP: 4/8
  1232 | D:2      | Noticed Sigmund
  1411 | D:3      | Reached skill level 5 in Conjurations
  1446 | D:3      | Reached XP level 5. HP: 39/42 MP: 5/10
  1470 | D:3      | Found a glowing drain.
  1507 | Sewer    | Entered a sewer
  1619 | Sewer    | Noticed a water moccasin
  1625 | Sewer    | Killed a water moccasin
  1626 | Sewer    | Reached XP level 6. HP: 36/49 MP: 3/12
  2217 | D:2      | Killed Sigmund
  2218 | D:2      | Reached skill level 6 in Conjurations
  2218 | D:2      | Reached XP level 7. HP: 55/55 MP: 5/14
  2494 | D:4      | Reached skill level 5 in Spellcasting
  2668 | D:4      | Reached skill level 7 in Conjurations
  2790 | D:4      | Found a hide-covered altar of Uskayaw.
  2791 | D:4      | Found a shadowy altar of Dithmenos.
  3238 | D:5      | Entered Level 5 of the Dungeon
  3392 | D:5      | Noticed a two-headed ogre
  3403 | D:5      | Killed a two-headed ogre
  3404 | D:5      | Reached skill level 8 in Conjurations
  3404 | D:5      | Reached XP level 8. HP: 7/62 MP: 6/17
  3552 | D:5      | Killed from afar by a white imp

Illustrated notes

Levels and vault maps discovered:
D:1:      minmay_arrival_doors, layout_rooms
D:2:      layout_basic, minivault_26, uniq_sigmund, uniq_natasha
D:3:      layout_rooms, portal_sewer_entry_d, minivault_14,
          guppyfry_early_lair_pool
D:4:      layout_cave_pods, mainiacjoe_overflow_large_starburst
D:5:      layout_cave_pools

Skill      XL: |  1  2  3  4  5  6  7 |
---------------+----------------------+-----
Spellcasting   | 3 4 6 |  6.6
Conjurations   | 5 6 8 |  8.4
Dodging        | |  1.5
Stealth        | |  3.0

Action                     |  1- 3 |  4- 6 |  7- 9 || total
---------------------------+-------+-------+-------++-------
  Melee: Short sword       |     5 |       |       ||     5
   Fire: Sling             |    13 |    20 |    28 ||    61
  Throw: Javelin           |     2 |       |       ||     2
   Cast: Magic Dart        |    24 |     9 |     1 ||    34
         Searing Ray       |     4 |    17 |    13 ||    34
Ability: Spit Poison       |    11 |    21 |    16 ||    48
    Use: Scroll            |     1 |     2 |     6 ||     9
 Armour: Robe              |     1 |     7 |    23 ||    31
  Dodge: Dodged            |     5 |     7 |   116 ||   128
